 Dungeon Crawl Stone Soup version 0.30-a0-141-g30f27751c5 (webtiles) character file.

Game seed: 15240600102763841316

195 qw the Chopper (level 5, -3/33 HPs)
             Began as a Gargoyle Fighter on Sept 24, 2022.
             Slain by Sigmund
             ... wielding a +0 scythe
              (12 damage)
             ... on level 4 of the Dungeon.
             The game lasted 00:01:07 (3189 turns).

qw the Chopper (Gargoyle Fighter)                   Turns: 3189, Time: 00:01:07

Health: -3/33      AC:  0    Str: 22    XL:     5   Next: 74%
Magic:  5/5        EV: 13    Int:  8    God:
Gold:   139        SH:  0    Dex:  9    Spells: 4/4 levels left

rFire   . . .      SeeInvis .    (weapon currently unavailable)
rCold   . . .      Faith    .    (shield currently unavailable)
rNeg    + . .      Spirit   .    (body armour currently unavailable)
rPois   inf        Reflect  .    (helmet currently unavailable)
rElec   .          Harm     .    (cloak currently unavailable)
rCorr   .          Rampage  .    (gloves currently unavailable)
Will    .....                    (boots currently unavailable)
Stlth   +.........               (no amulet)
HPRegen 0.11/turn                (ring currently unavailable)
MPRegen 0.09/turn                (ring currently unavailable)

@: pig-form, very quick
A: fast, no casting, sickness immunity, AC +4, small, negative energy resistance
1, (electricity resistance), torment resistance 1, petrification resistance
a: no special abilities


You were on level 4 of the Dungeon.
You were a filthy swine.
You visited 1 branch of the dungeon, and saw 4 of its levels.

You collected 139 gold pieces.


Innate Abilities, Weirdness & Mutations

You are a filthy swine.
You move quickly.
Your equipment is almost entirely melded.
You are incapable of wielding weapons or throwing items.
You cannot cast spells.
You are immune to sickness and miasma.
((Your stone body is resilient. (AC +4)))
You are immune to poison.
You resist negative energy. (rN+)
((You are resistant to electric shocks. (rElec)))
You are resistant to unholy torment.
You are immune to petrification.


   Skills:
 + Level 3.9 Fighting
 - Level 5.0 Axes
 - Level 3.2 Armour
 - Level 3.2 Shields


You had 4 spell levels left.
You didn't know any spells.
Your spell library was empty.

Inventory:

Hand Weapons
 i - a +0 flail
 Y - a +1 war axe (melded)
Missiles
 g - 5 boomerangs (quivered)
Armour
 b - a +0 helmet (melded)
 c - a +0 buckler (melded)
 o - a +0 cloak (melded)
 p - a +0 chain mail (melded)
Scrolls
 l - 2 scrolls of identify
Potions
 d - a potion of might
 e - 2 potions of curing
 k - a potion of lignification

Dungeon Overview and Level Annotations

Branches:
Dungeon (4/15)
 Temple: D:4-7

Altars:
Gozag

Shops:
D:2 (   D:3 *

Annotations:
D:3 2 transporters, Vargh's ghost, amateur HaBr
D:4 Ijyb; Sigmund


Message History

You hit Ijyb.
Ijyb is moderately wounded.
Ijyb hits you with a +0 dagger.
You hit Ijyb.
Ijyb is heavily wounded.
Ijyb screams, "No!
No, no, no, no!"
Ijyb hits you with a +0 dagger!
3182 ||| READING scroll of teleportation.
As you read the scroll of teleportation, it crumbles to dust.
You feel strangely unstable. Ijyb misses you.
You hit Ijyb but do no damage.
Ijyb is heavily wounded.
Ijyb hits you with a +0 dagger.
You barely miss Ijyb.
Ijyb is heavily wounded.
Ijyb barely misses you.
You hit Ijyb but do no damage.
Ijyb is heavily wounded.
Your surroundings suddenly seem different.
Sigmund, a ball python and an endoplasm come into view.
Found a scroll labelled SAR RUUD PIESS, a throwing net and 16 gold pieces.
Sigmund shouts!
The endoplasm quivers.
The ball python hisses angrily.
Enter note: An orc comes into view. It is wielding a +0 short sword.
The orc shouts!
You hear a shout!
An orc comes into view. It is wielding a +0 flail.
The orc shouts!
You hit the ball python.
You kill the ball python!
Sigmund casts a spell at you.
You are confused.
An orc comes into view. It is wielding a +0 falchion.
3189 ||| DRINKING 3 potions of curing.
You feel better.
3189 ||| (to cure confusion)
An orc comes into view. It is wielding a +0 club.
Sigmund hits you with a +0 scythe!
You die...

#######
###.......
##.........
##..........
#...........
#...........
#.........#
#.........#
#..h%.....#
#.@J......#
#?.......(#
....o$.....#
###..o......#
............
#...o........
.....o.....#


You could see Sigmund, 4 orcs and an endoplasm.

Vanquished Creatures
  Natasha (thrice) (D:2)
  Robin (D:3)
  An adder (D:2)
  2 worms (D:2)
  2 dart slugs (D:2)
  9 orcs
  6 ball pythons
  3 endoplasms
  6 giant cockroaches
  19 goblins
  9 hobgoblins
  2 bats
  3 frilled lizards (D:2)
  7 kobolds
  7 rats
80 creatures vanquished.

Notes
Turn   | Place    | Note
-------+----------+-------------------------------------------
     0 | D:1      | qw the Gargoyle Fighter began the quest for the Orb.
     0 | D:1      | Reached XP level 1. HP: 14/14 MP: 1/1
     0 | D:1      | 0 ||| qw: Version: 0.1.0-9-gbc19398
     0 | D:1      | 0 ||| qw: Game counter: 59
     0 | D:1      | 0 ||| qw: Always use a shield: true
     0 | D:1      | 0 ||| qw: God list: Okawaru
     0 | D:1      | 0 ||| qw: Allow faded altars: false
     0 | D:1      | 0 ||| qw: Do Orc after D:15 true
     0 | D:1      | 0 ||| qw: Do second Lair branch before Depths: true
     0 | D:1      | 0 ||| qw: Lair rune preference: random
     0 | D:1      | 0 ||| qw: Plans: Normal, Zot:1-4, God:TSO, Crypt, Tomb,
                  | Pan, Slime:5, Hells, Abyss, Orb
     0 | D:1      | 0 ||| PLANNING D:1-11
    27 | D:1      | Reached skill level 2 in Axes
    28 | D:1      | 28 ||| Stepping ~*~*~tactically~*~*~ (stealth).
    30 | D:1      | 30 ||| Stepping ~*~*~tactically~*~*~ (stealth).
   189 | D:1      | Reached XP level 2. HP: 19/19 MP: 2/2
   350 | D:1      | 350 ||| DROPPING +0 club.
   388 | D:1      | 388 ||| Stepping ~*~*~tactically~*~*~ (stealth).
   390 | D:1      | 390 ||| Stepping ~*~*~tactically~*~*~ (stealth).
   395 | D:1      | 395 ||| Stepping ~*~*~tactically~*~*~ (stealth).
   396 | D:1      | 396 ||| Stepping ~*~*~tactically~*~*~ (stealth).
   398 | D:1      | 398 ||| Stepping ~*~*~tactically~*~*~ (stealth).
   466 | D:1      | Reached skill level 3 in Axes
   472 | D:1      | Found a faded altar of an unknown god.
   604 | D:1      | Reached XP level 3. HP: 23/23 MP: 3/3
   781 | D:1      | 781 ||| Stepping ~*~*~tactically~*~*~ (stealth).
  1073 | D:1      | 1073 ||| DROPPING scarf of shadows.
  1074 | D:1      | 1074 ||| READING scroll labelled OTWUAF ZAINIUM.
  1075 | D:1      | 1075 ||| READING scroll labelled IKLEBB OQUYXT.
  1076 | D:1      | 1076 ||| READING scroll labelled KEUR DUMPIDD.
  1077 | D:1      | 1077 ||| DRINKING 2 black potions.
  1101 | D:2      | 1101 ||| Stepping ~*~*~tactically~*~*~ (stealth).
  1329 | D:2      | 1329 ||| Stepping ~*~*~tactically~*~*~ (stealth).
  1339 | D:2      | Noticed Natasha
  1343 | D:2      | Killed Natasha
  1344 | D:2      | Reached XP level 4. HP: 20/28 MP: 4/4
  1346 | D:2      | Noticed Natasha
  1347 | D:2      | 1347 ||| Stepping ~*~*~tactically~*~*~ (hiding).
  1348 | D:2      | 1348 ||| Stepping ~*~*~tactically~*~*~ (hiding).
  1358 | D:2      | Killed Natasha
  1359 | D:2      | Reached skill level 4 in Axes
  1393 | D:2      | Noticed Natasha
  1401 | D:2      | HP: 6/28 [Natasha/magic dart (4)]
  1402 | D:2      | HP: 2/28 [Natasha (4)]
  1408 | D:2      | Killed Natasha
  1709 | D:2      | Reached XP level 5. HP: 31/32 MP: 5/5
  1796 | D:2      | 1796 ||| DROPPING +0 whip.
  1850 | D:2      | Found an opulent altar of Gozag.
  1942 | D:2      | 1942 ||| Stepping ~*~*~tactically~*~*~ (stealth).
  2005 | D:2      | 2005 ||| Stepping ~*~*~tactically~*~*~ (hiding).
  2006 | D:2      | 2006 ||| Stepping ~*~*~tactically~*~*~ (hiding).
  2176 | D:2      | Found Myrif's Antique Weapon Shop.
  2223 | D:2      | 2223 ||| SHOPLISTING runed broad axe (154 gold, have 67).
  2233 | D:2      | 2233 ||| UPGRADING to +0 cloak.
  2238 | D:2      | 2238 ||| UPGRADING to +0 chain mail.
  2248 | D:2      | 2248 ||| DROPPING +0 scale mail.
  2249 | D:2      | 2249 ||| READING scroll labelled LOCIOWNELO.
  2250 | D:2      | 2250 ||| READING scroll labelled VEQOJ GUOSTE.
  2251 | D:2      | 2251 ||| READING 3 scrolls labelled LASAES GOEDWOWN.
  2252 | D:2      | 2252 ||| READING 2 scrolls labelled YRUHIR QOCZUN.
  2253 | D:2      | 2253 ||| READING scroll labelled MANYUX IVYINAXT.
  2258 | D:2      | 2258 ||| READING scroll labelled FOANEO DUYTU.
  2259 | D:2      | 2259 ||| READING 2 scrolls of identify.
  2259 | D:2      | 2259 ||| IDENTIFYING smoky white potion
  2260 | D:2      | 2260 ||| DROPPING potion of invisibility.
  2261 | D:2      | 2261 ||| DROPPING 2 scrolls of poison.
  2262 | D:2      | 2262 ||| DROPPING scroll of blinking.
  2275 | D:3      | 2275 ||| STAIRDANCE
  2287 | D:3      | 2287 ||| STAIRDANCE
  2485 | D:3      | Found a transporter.
  2486 | D:3      | Noticed an ogre
  2486 | D:3      | Noticed Vargh's ghost (amateur HaBr)
  2487 | D:3      | Noticed an ogre
  2526 | D:3      | Reached skill level 5 in Axes
  2527 | D:3      | 2527 ||| Stepping ~*~*~tactically~*~*~ (stealth).
  2535 | D:3      | 2535 ||| Stepping ~*~*~tactically~*~*~ (stealth).
  2536 | D:3      | Noticed Robin
  2537 | D:3      | 2537 ||| Stepping ~*~*~tactically~*~*~ (hiding).
  2552 | D:3      | Killed Robin
  2741 | D:3      | 2741 ||| Stepping ~*~*~tactically~*~*~ (stealth).
  2898 | D:3      | Found an opulent altar of Gozag.
  2902 | D:3      | Found Gozag's Platinum Reserve.
  2920 | D:3      | 2920 ||| SHOPLISTING +2 buckler of Beyond {rElec rN+ Str-2
                  | Dex+3} (3480 gold, have 127).
  2920 | D:3      | 2920 ||| SHOPLISTING +6 hand axe "Aquutaof" {protect, rPois
                  | rC+ Dex+2} (5600 gold, have 127).
  2920 | D:3      | 2920 ||| SHOPLISTING amulet "Ruagg" {RegenMP -Tele Rampage
                  | rC+ rN+} (4120 gold, have 127).
  3106 | D:3      | Found a transporter.
  3152 | D:3      | 3152 ||| UPGRADING to +0 helmet.
  3157 | D:3      | 3157 ||| READING scroll labelled AHIUHI SEWKU.
  3158 | D:3      | 3158 ||| READING 3 scrolls of identify.
  3158 | D:3      | 3158 ||| IDENTIFYING grey potion
  3171 | D:4      | Noticed Ijyb
  3181 | D:4      | HP: 7/33 [Ijyb/+0 dagger (7)]
  3182 | D:4      | 3182 ||| READING scroll of teleportation.
  3183 | D:4      | HP: 2/33 [Ijyb/+0 dagger (5)]
  3185 | D:4      | Noticed Sigmund
  3189 | D:4      | 3189 ||| DRINKING 3 potions of curing.
  3189 | D:4      | 3189 ||| (to cure confusion)
  3189 | D:4      | Slain by Sigmund

Levels and vault maps discovered:
D:1:      psy_arrival_statuary, layout_basic, ebering_ecumenical_altar_hall
D:2:      layout_basic, basic_altar, serial_shops, shop, uniq_natasha
D:3:      layout_loops_ring, nicolae_gozag_zags_fifth_avenue,
          gammafunk_ghost_smash, uniq_robin
D:4:      layout_rooms, uniq_sigmund, uniq_blork_the_orc, uniq_ijyb

Skill      XL: |  1  2  3  4  5 |
---------------+----------------+-----
Axes           | 2 3 4 5 |  5.0
Fighting       | |  3.9
Armour         | |  3.2
Shields        | |  3.2

Action                   |  1- 3 |  4- 6 || total
-------------------------+-------+-------++-------
Melee: War axe           |    72 |   128 ||   200
       Unarmed           |       |    12 ||    12
Throw: Boomerang         |    34 |    20 ||    54
  Use: Scroll            |     3 |    10 ||    13
       Potion            |     1 |     1 ||     2
Armor: Scale mail        |    33 |    26 ||    59
       Chain mail        |       |    36 ||    36
Dodge: Dodged            |    21 |    45 ||    66
Block: Buckler           |    13 |    26 ||    39

Table legend:
 A = Non-vault XP
 B = Vault XP
 C = Vault XP percentage of total XP
 D = Non-vault monster count
 E = Vault monster count
 F = Vault count percentage of total count
                 A         B        C        D         E       F
            +---------+---------+-------+---------+---------+-------
      Total |     207 |      72 |  25.8 |      66 |      14 |  17.5
            +---------+---------+-------+---------+---------+-------
        D:1 |      41 |       0 |   0.0 |      26 |       0 |   0.0
        D:2 |     138 |      35 |  20.2 |      27 |       1 |   3.6
        D:3 |      27 |      37 |  57.8 |      12 |      13 |  52.0
        D:4 |       1 |       0 |   0.0 |       1 |       0 |   0.0
            +---------+---------+-------+---------+---------+-------
